 Dungeon Crawl Stone Soup version 0.24.0-28-g17ded55e90 (webtiles) character file.

Game seed: 3259699500480220857, levelgen mode: deterministic

19 PentaManta the Sneak (level 2, 0/19 HPs)
             Began as an Octopode Assassin on Nov 13, 2019.
             Slain by a leopard gecko (5 damage)
             ... on level 1 of the Dungeon.
             The game lasted 00:01:17 (425 turns).

PentaManta the Sneak (Octopode Assassin)             Turns: 425, Time: 00:01:18

Health: 0/19       AC:  1    Str: 10    XL:     2   Next: 75%
Magic:  2/2        EV: 13    Int: 13    God:
Gold:   19         SH:  0    Dex: 13    Spells: 1/1 levels left

rFire    . . .     SeeInvis .   a - +2 dagger
rCold    . . .     Gourm    .   (no shield)
rNeg     . . .     Faith    .   (helmet restricted)
rPois    .         Spirit   .   (no amulet)
rElec    .         Reflect  .   (no ring)
rCorr    .         Harm     .   (no ring)
MR       .....                  (no ring)
Stlth    ++++......             (no ring)
HPRegen  0.06/turn              (no ring)
MPRegen  0.08/turn              (no ring)
                                (no ring)
                                (no ring)

@: no status effects
A: almost no armour, stealthy swim, amphibious, 8 rings, constrict 8, camouflage
1, gelatinous body 1
a: no special abilities


You were on level 1 of the Dungeon.
You were not hungry.

You visited 1 branch of the dungeon, and saw 1 of its levels.

You collected 19 gold pieces.

Inventory:

Hand Weapons
 a - a +2 dagger (weapon)
Missiles
 b - 8 poisoned darts (quivered)
 c - 2 curare-tipped darts
Armour
 h - a +0 buckler
Scrolls
 e - a scroll of random uselessness {unknown}
 g - a scroll of teleportation {unknown}
 k - a scroll of identify {unknown}
 l - a scroll of fog {unknown}
Potions
 f - a potion of might {unknown}
 i - a potion of agility {unknown}
 j - a potion of haste {unknown}
Comestibles
 d - 2 rations


   Skills:
 - Level 2.0 Fighting
 + Level 2.3 Short Blades
 - Level 2.0 Throwing
 * Level 2.0 Dodging
 + Level 5.6 Stealth


You had one spell level left.
You didn't know any spells.
Your spell library was empty.

Dungeon Overview and Level Annotations

Branches:
Dungeon (1/15)

Altars:


Innate Abilities, Weirdness & Mutations

You cannot wear most types of armour.
You are very stealthy in the water. (Stealth+)
You are amphibious.
You can wear up to eight rings at the same time.
You can use your tentacles to constrict eight enemies at once.
Your skin changes colour to match your surroundings (Stealth+).
Your rubbery body absorbs attacks. (AC +1, EV +1)


Message History

You grab the frilled lizard. You constrict the frilled lizard.
You kill the frilled lizard!
You hit the goblin. Your grab misses the goblin.
The goblin is moderately wounded.
The goblin barely misses you.
You miss the goblin. You grab the goblin.
The goblin is moderately wounded.
You constrict the goblin. You barely miss the goblin.
The goblin is severely wounded.
You constrict the goblin.
You kill the goblin!
Your Dodging skill increases to level 2!
You hit the frilled lizard.
You kill the frilled lizard!
You hit the leopard gecko. Your grab misses the leopard gecko.
Your squeeze misses the leopard gecko.
The leopard gecko is moderately wounded.
The leopard gecko bites you.
You die...

#....#§....# # ≈§..§≈.....#
###..#.# ≈..⌠§≈.....# ......#.
≈...§§.....# #.............# .#
#..§.#....)##...#... ..#.. ... #
+#≈≈##.........# K. ...##.# ..
.....#####....###.# #..#.# #..
#.##.##.#÷.##.##..# #..[# #l. #.#
.##.......#.@#######..###.#
#.##........#.#l##l........#.##..
#.######.......g..l..g...........
..#########....#..########.###...
......#####.......# #.#
†####............)# #.# .#
#####.........########.# .#
#.......###...........#
.#####.##.........##########


You could see a leopard gecko, a goblin and a kobold.

Vanquished Creatures
  A dart slug (D:1)
  A leopard gecko (D:1)
  4 goblins (D:1)
  A hobgoblin (D:1)
  A ball python (D:1)
  4 bats (D:1)
  3 frilled lizards (D:1)
  A rat (D:1)
16 creatures vanquished.

Notes
Turn   | Place    | Note
-------+----------+-------------------------------------------
     0 | D:1      | PentaManta the Octopode Assassin began the quest for the
                  | Orb.
     0 | D:1      | Reached XP level 1. HP: 14/14 MP: 1/1
    40 | D:1      | Reached XP level 2. HP: 11/19 MP: 2/2
   425 | D:1      | Slain by a leopard gecko

Levels and vault maps discovered:
D:1:      dpeg_arrival_rooms_with_view, layout_rooms, st_stairs_5,
          minmay_tripent

Skill      XL: |  1  2 |
---------------+-------+-----
Dodging        | 2 |  2.0
Fighting       | |  2.0
Short Blades   | |  2.3
Throwing       | |  2.0
Stealth        | |  5.6

Action                   || total
-------------------------++-------
Melee: Dagger            ||    35
       Constrict         ||     9
       Tentacles         ||     3
 Stab: Sleeping          ||     3
Armor: Skin              ||     1
Dodge: Dodged            ||    19
